AoeStats
← Celzii

Glade

503069772Analyzed
1v1 RM · 1mo ago on Aug 30, 2026· 25m 41s· 2 players
Game mode
Random Map
Map size
Tiny (2 player)
Population
200
Speed
Normal
Resources
Low
Victory
Standard
Starting age
Dark Age
Ending age
Imperial Age
RankedLock teamsTeams togetherTeam positionsShared explorationLock speedFull tech treeHidden civsTurbo modeCheats
Victory
Defeat
🇨🇦 Cumans · Canada
1536
+16
🇺🇸 Maya · United States
1530
-22
Celzii
0:30 Loom
11:09 Feudal Age
15:04 Castle Age
13:20 Double-Bit Axe
15:13 Scale Mail Armor
15:34 Forging
15:31 Gold Mining
15:06 Eagle Warrior
15:37 Horse Collar
16:32 Squires
19:31 Chain Mail Armor
24:57 Forging
NotSoAnonymous
7:47 Loom
10:18 Feudal Age
11:42 Double-Bit Axe
11:37 Horse Collar
22:42 Castle Age
21:10 Bloodlines
22:42 Scale Barding Armor
22:48 Forging
Connection lost

Rejoining the realm…

Still unreachable

The connection could not be restored.

Session expired

The server has moved on; the page needs a fresh start.